 Dungeon Crawl Stone Soup version 0.24.0-123-gd5b16e6ec5 (webtiles) character file.

Game seed: 2292921769969257132, levelgen mode: deterministic

138 brucemayne the Chopper (level 5, -1/45 HPs)
             Began as a Hill Orc Monk on Jan 18, 2020.
             Killed by nerve-wracking pain
             ... invoked by an orc priest
              (8 damage)
             ... on level 3 of the Dungeon.
             The game lasted 00:04:11 (1023 turns).

brucemayne the Chopper (Hill Orc Monk)              Turns: 1023, Time: 00:04:12

Health: -1/45      AC:  3    Str: 15    XL:     5   Next: 21%
Magic:  5/5        EV: 13    Int: 10    God:
Gold:   77         SH:  0    Dex: 16    Spells: 4/4 levels left

rFire    . . .     SeeInvis .   a - +0 hand axe
rCold    . . .     Gourm    .   (no shield)
rNeg     . . .     Faith    .   b - +0 robe
rPois    .         Spirit   .   (no helmet)
rElec    .         Reflect  .   (no cloak)
rCorr    .         Harm     .   k - +0 pair of gloves
MR       .....                  (no boots)
Stlth    ++........             (no amulet)
HPRegen  0.15/turn              m - +3 ring of dexterity
MPRegen  0.09/turn              (no ring)

@: no status effects
A: no striking features
a: Convert to Beogh


You were on level 3 of the Dungeon.
You were not hungry.

You visited 1 branch of the dungeon, and saw 5 of its levels.

You collected 77 gold pieces.

Inventory:

Hand Weapons
 a - a +0 hand axe (weapon)
 e - a +3 dagger
Missiles
 d - 25 poisoned darts (quivered)
Armour
 b - a +0 robe (worn)
 k - a +0 pair of gloves (worn)
 l - a +0 chain mail
Jewellery
 j - an uncursed ring of flight {unknown}
 m - a +3 ring of dexterity (left hand)
Scrolls
 f - a scroll of magic mapping {unknown}
 g - a scroll of amnesia {unknown}
 h - 3 scrolls of blinking {unknown}
 i - a scroll of remove curse {unknown}
 n - a scroll of enchant weapon {unknown}
Comestibles
 c - 2 rations


   Skills:
 - Level 3.6 Fighting
 + Level 7.4 Axes
 - Level 2.4 Dodging
 - Level 2.0 Stealth


You had 4 spell levels left.
You didn't know any spells.
Your spell library was empty.

Dungeon Overview and Level Annotations

Branches:
Dungeon (5/15)
 Temple: D:4-7

Altars:
Beogh

Annotations:
D:4 3 runed translucent doors, Alzound's ghost, weakling CeTm


Message History

a +0 dagger; a kobold corpse
Things that are here:
a +0 leather armour; an orc corpse You eat one of the 3 rations.
That ration really hit the spot!
You now have 77 gold pieces (gained 10).
Items here: ( ) [ †† 2 stones; a +0 club; a +0 robe; a kobold corpse; a goblin corpse
j - a jade ring
There are no items here.
Unknown command.
The orc priest shouts, "Beogh is our master!
Accept the truth or die!" (press Y on the ability menu to convert to Beogh)
The orc priest calls down the wrath of Beogh upon you.
Pain shoots through your body!
The orc priest calls down the wrath of Beogh upon you.
Pain shoots through your body!
* * * LOW HITPOINT WARNING * * *
The orc priest mumbles some strange prayers to Beogh against you.
Pain shoots through your body!
You die...

#########
#.)[..(.#
#.#####.# ..
#.>.....#######
#.
#....@........#
..
#..#..........# #
#.
#<.#..........#
.##.
#.........o...#
...
#..#............
#.
#.............###
##>
####..........#
#.. #...........
#.. #..


You could see an orc priest.

Vanquished Creatures
  A hound (D:4)
  Jessica (D:3)
  Natasha (D:4)
  A worker ant (D:2)
  A leopard gecko (D:1)
  3 orcs (D:3)
  5 bats
  2 giant cockroaches
  2 goblins
  3 hobgoblins
  A jackal (D:2)
  7 kobolds
  A quokka (D:4)
  3 frilled lizards
  A rat (D:2)
33 creatures vanquished.

Notes
Turn   | Place    | Note
-------+----------+-------------------------------------------
     0 | D:1      | brucemayne the Hill Orc Monk began the quest for the Orb.
     0 | D:1      | Reached XP level 1. HP: 19/19 MP: 1/1
    61 | D:1      | Reached XP level 2. HP: 7/26 MP: 2/2
   261 | D:2      | Reached skill level 5 in Axes
   261 | D:2      | Reached XP level 3. HP: 8/31 MP: 3/3
   348 | D:2      | Found a faded altar of an unknown god.
   573 | D:4      | Noticed Natasha
   693 | D:4      | Reached skill level 6 in Axes
   693 | D:4      | Reached XP level 4. HP: 33/39 MP: 4/4
   807 | D:5      | Entered Level 5 of the Dungeon
   828 | D:4      | Killed Natasha
   906 | D:4      | Found a runed translucent gate.
   907 | D:4      | Found a runed translucent gate.
   907 | D:4      | Identified the +4 whip "Ultimatum" {flame, Str+4 SInv}
   907 | D:4      | Identified the +2 ring mail "Vuejec" {rPois rF- Slay+6
                  | SInv}
   908 | D:4      | Found a runed translucent gate.
   908 | D:4      | Found a roughly hewn altar of Beogh.
   911 | D:4      | Noticed Alzound's ghost (weakling CeTm)
   938 | D:3      | Noticed Jessica
   951 | D:3      | Killed Jessica
   951 | D:3      | Reached skill level 7 in Axes
   951 | D:3      | Reached XP level 5. HP: 30/45 MP: 5/5
  1023 | D:3      | Killed from afar by an orc priest

Levels and vault maps discovered:
D:1:      scummos_arrival_star, layout_basic, okawaru_ov_weapons_minmay
D:2:      kennysheep_big_flooded_room, layout_basic,
          chequers_ecumenical_altar_simple_redux, mrwooster_statue_mirror,
          minmay_shallow_snake_nest
D:3:      layout_loops_cross, nicolae_dithmenos_through_a_glass_darkly,
          cheibrodos_sewer_entry_sluice, uniq_jessica
D:4:      layout_loops_ring, first_ration, serial_shops, shop_statue,
          biasface_ghost_orc_armoury, led_sif_book, uniq_natasha
D:5:      layout_basic, zaba_anthole, nicolae_ru_awakened_eye, uniq_pikel,
          uniq_duvessa

Skill      XL: |  1  2  3  4 |
---------------+-------------+-----
Stealth        | 2 |  2.0
Axes           | 5 6 7 |  7.4
Fighting       | |  3.6
Dodging        | |  2.4

Action                   |  1- 3 |  4- 6 || total
-------------------------+-------+-------++-------
Melee: Hand axe          |    65 |    45 ||   110
Throw: Dart              |     6 |     7 ||    13
  Use: Potion            |     1 |     2 ||     3
 Stab: Sleeping          |     2 |       ||     2
  Eat: Ration            |       |     1 ||     1
Armor: Robe              |    21 |     5 ||    26
       Skin              |       |     2 ||     2
Dodge: Dodged            |    59 |    38 ||    97
